 Dungeon Crawl Stone Soup version 0.14.1-1-g650416f (webtiles) character file.

433 DarkIce the Ruinous (level 5, -2/28 HPs)
             Began as a Deep Elf Conjurer on May 2, 2014.
             Slain by an orc
             ... wielding a +0,+0 dagger
              (4 damage)
             ... on Level 3 of the Dungeon.
             The game lasted 00:40:18 (3075 turns).

DarkIce the Ruinous (Deep Elf Conjurer)             Turns: 3075, Time: 00:40:18

HP  -2/28        AC  3     Str  5      XL: 5   Next: 43%
MP  16/19        EV 13     Int 21      God:
Gold 240         SH  0     Dex 15      Spells:  3 memorised,  6 levels left

rFire  . . .     SeeInvis .     n - +0 mace
rCold  . . .     Clarity  .     a - +0 robe
rNeg   . . .     Conserve .     (no shield)
rPois  .         rCorr    .     (no helmet)
rElec  .         rRot     .     (no cloak)
SustAb . .       Spirit   .     (no gloves)
rMut   .         Warding  .     g - +0 pair of boots
Saprov . . .     Stasis   .     (no amulet)
MR     .....                    (no ring)
                                (no ring)

@: not resistant to hostile enchantments, fairly stealthy
A: no striking features
a: no special abilities


You were on level 3 of the Dungeon.
You were not hungry.

You visited 1 branch of the dungeon, and saw 4 of its levels.

You collected 240 gold pieces.

Inventory:

Hand weapons
 n - a +0,+0 mace (weapon)
Armour
 a - a +0 robe (worn)
 g - a +0 pair of boots (worn)
Magical devices
 s - a wand of disintegration (14) {unknown}
Comestibles
 b - 2 bread rations
Scrolls
 d - 5 scrolls of teleportation
 f - 2 scrolls of identify {unknown}
 k - a scroll of recharging {unknown}
 o - a scroll of amnesia
Jewellery
 r - an uncursed amulet of stasis {unknown}
Potions
 e - a potion of lignification {unknown}
 h - 2 potions of curing {unknown}
 i - 2 potions of haste {unknown}
 l - a potion of might {unknown}
 m - a potion of restore abilities {unknown}
 q - a potion of agility {unknown}
Books
 c - a book of Conjurations

   Spells                             Type                      Level
   *Magic Dart                        Conjuration                  1
   Searing Ray                        Conjuration                  2
   *Dazzling Spray                    Conjuration/Hexes            3
   Fulminant Prism                    Conjuration/Hexes            4
   *Iskenderun's Mystic Blast         Conjuration                  4
   Iskenderun's Battlesphere          Conjuration/Charms           5


   Skills:
 + Level 3.4 Dodging
 + Level 2.9 Stealth
 + Level 5.2 Spellcasting
 + Level 5.8 Conjurations


You had 6 spell levels left.
You knew the following spells:

 Your Spells              Type           Power        Failure   Level  Hunger
a - Magic Dart            Conj           ####         1%          1    None
b - Dazzling Spray        Conj/Hex       ###.....     12%         3    ##.....
c - Iskenderun's Mystic   Conj           ####....     12%         4    ####...


Dungeon Overview and Level Annotations

Branches:
Dungeon (4/15)
 Temple: D:4-7

Altars:
Zin

Annotations:
D:4 Sigmund


Message History

You are starving!
Casting: Iskenderun's Mystic Blast
Confirm with . or Enter, or press ? or * to list all spells.
You don't have the energy to cast that spell.
You continue eating. x2
Sigmund gestures at you while chanting. The puff of flame hits you!
One of your 3 scrolls labeled NISOIVEMAS catches fire!
You continue eating.
You finish eating.
That meat ration really hit the spot!
Sigmund points at you and mumbles some strange words.
The puff of flame hits you!
* * * LOW HITPOINT WARNING * * *
There is a stone staircase leading up here.
The orc hits you with a dagger.
* * * LOW HITPOINT WARNING * * *
You climb upwards.
There is a stone staircase leading down here.
The orc hits you with a dagger.
You die...

#.#.##.#
#.#.##.#
.##.##.#
.##.##.#######
.##.##.#.....#
[##.##.'.....#
.##.####.....#
########
.##.######'###
#>o....#
...........#
#@##(###
.########..#
#.##.# .# #..#
#.##.# .# #..#
#.##.# .. #..#
#.##.# ## #..#
#.##.# #..#
#.##.# # #..#
#.##.#
#.#..#####.##.#


You could see an orc.

Vanquished Creatures
  A hound (D:3)
  An orc wizard (D:3)
  6 adders
  A worm (D:2)
  2 oozes (D:1)
  4 orcs (D:3)
  5 goblins
  10 hobgoblins
  5 ball pythons (D:2)
  8 bats
  6 giant cockroaches
  4 giant geckos
  7 giant newts
  5 kobolds
  5 rats
70 creatures vanquished.

Notes
Turn   | Place    | Note
--------------------------------------------------------------
     0 | D:1      | DarkIce, the Deep Elf Conjurer, began the quest for the Orb.
     0 | D:1      | Reached XP level 1. HP: 10/10 MP: 5/5
   263 | D:1      | Reached XP level 2. HP: 15/15 MP: 4/8
   588 | D:1      | Reached skill level 5 in Conjurations
   925 | D:2      | Reached XP level 3. HP: 15/19 MP: 2/11
  1060 | D:2      | Found a glowing silver altar of Zin.
  1496 | D:2      | Reached XP level 4. HP: 18/24 MP: 5/15
  2701 | D:3      | Reached skill level 5 in Spellcasting
  2701 | D:3      | Reached XP level 5. HP: 11/28 MP: 6/19
  2803 | D:4      | Noticed Sigmund
  3058 | D:3      | Learned a level 3 spell: Dazzling Spray
  3063 | D:3      | Learned a level 4 spell: Iskenderun's Mystic Blast
  3073 | D:4      | HP: 1/28 [orc/dagger (3)]
  3075 | D:3      | Slain by an orc

Action                   |  1- 3 |  4- 6 || total
-------------------------+-------+-------++-------
Melee: Short sword       |     2 |    17 ||    19
       Unarmed           |     1 |       ||     1
 Cast: Magic Dart        |    91 |    64 ||   155
       Iskenderun's Myst |       |     1 ||     1
  Use: Scroll            |       |     3 ||     3
